 Dungeon Crawl Stone Soup version 0.31-a0-1499-ge0622b2318 (webtiles) character file.

Game seed: 15729294589474494266

110416 Twinkles the Warrior (level 16, -12/192 HPs)
             Began as an Oni Gladiator on Dec 29, 2023.
             Was a Priest of Uskayaw.
             Mangled by a caustic shrike simulacrum (21 damage)
             ... in an ice cave.
             The game lasted 01:58:40 (25302 turns).

Twinkles the Warrior (Oni Gladiator)               Turns: 25302, Time: 01:58:40

Health: -12/192    AC: 13    Str: 28    XL:     16   Next: 55%
Magic:  28/28      EV: 12    Int:  9    God:    Uskayaw [***...]
Gold:   1870       SH:  0    Dex: 10    Spells: 15/15 levels left

rFire   x . .        c - +0 giant spiked club (heavy)
rCold   + . .        (shield currently unavailable)
rNeg    . . .        X - +0 troll leather armour
rPois   .            T - +2 hat
rElec   .            p - +2 cloak {Will+}
rCorr   .            (gloves unavailable)
SInv    .            (boots unavailable)
Will    ++...        v - amulet of faith
Stlth   +            Z - ring of ice
HPRegen 1.32/turn    N - +4 ring of protection
MPRegen 0.21/turn

%: faith
@: slowed, very slow
A: large, unfitting armour, horns 1, tough skin 1, double potion healing,
drunken brawling
a: Renounce Religion, Stomp, Line Pass


You were in an ice cave.
You worshipped Uskayaw.
Uskayaw was most pleased with you.
You visited 4 branches of the dungeon, and saw 22 of its levels.
You also visited: Bailey and Ice Cave.

You collected 2374 gold pieces.
You spent 504 gold pieces at shops.

Inventory:

Hand Weapons
 a - a +6 dire flail of venom
 c - a +0 heavy giant spiked club (weapon)
Missiles
 g - 6 curare-tipped darts
 n - 21 boomerangs (quivered)
 r - 4 throwing nets
 w - 8 large rocks
 C - 14 javelins
Armour
 p - a +2 cloak of willpower (worn)
 T - a +2 hat (worn)
 X - a +0 troll leather armour (worn)
Jewellery
 h - a +5 ring of evasion
 l - a ring of flight
 v - an amulet of faith (around neck)
 N - a +4 ring of protection (right hand)
 W - a +6 ring of strength
 Z - a ring of ice (left hand)
Wands
 d - a wand of digging (2)
 e - a wand of charming (13)
 j - a wand of polymorph (1)
 q - a wand of flame (34)
 y - a wand of mindburst (6)
 z - a wand of quicksilver (9)
 L - a wand of roots (16)
Scrolls
 k - 2 scrolls of revelation
 u - a scroll of butterflies
 D - 4 scrolls of blinking
 E - a scroll of fear
 F - 2 scrolls of fog
 K - 3 scrolls of immolation
 O - a scroll of silence
 S - 3 scrolls of poison
 V - 3 scrolls of vulnerability
 Y - 6 scrolls of teleportation
Potions
 t - 3 potions of enlightenment
 A - 4 potions of attraction
 B - 4 potions of brilliance
 G - a potion of ambrosia
 H - 3 potions of haste
 I - 3 potions of invisibility
 J - 4 potions of curing
 M - 4 potions of might
 P - 8 potions of lignification
 R - 5 potions of resistance


   Skills:
 + Level 20.1 Fighting
 * Level 15.3 Maces & Flails
 + Level 11.2 Throwing
 - Level 4.0 Armour
 + Level 9.0 Dodging
 + Level 16.2 Invocations


You had 15 spell levels left.
You didn't know any spells.
Your spell library contained the following spells:

 Spells                   Type           Power      Damage    Failure   Level
 Apportation              Tloc           0%         N/A       41%         1
 Freeze                   Ice            0%         1d3       41%         1
 Magic Dart               Conj           0%         1d3       41%         1
 Blink                    Tloc           0%         N/A       56%         2
 Call Imp                 Summ           0%         N/A       56%         2
 Jinxbite                 Hex            0%         N/A       56%         2
 Mercury Vapours          Alch/Air       0%         N/A       56%         2
 Dazzling Flash           Conj/Hex       0%         N/A       80%         3
 Frozen Ramparts          Ice            0%         1d1       80%         3
 Hailstorm                Conj/Ice       0%         3d5       80%         3
 Mephitic Cloud           Conj/Alch/Air  0%         N/A       80%         3
 Ozocubu's Armour         Ice            0%         N/A       80%         3
 Volatile Blastmotes      Fire/Tloc      0%         2d10      80%         3
 Anguish                  Hex/Necr       0%         N/A       99%         4
 Cause Fear               Hex            0%         N/A       99%         4
 Summon Blazeheart Golem  Fire/Summ      0%         N/A       99%         4
 Vhi's Electric Charge    Tloc/Air       0%         N/A       99%         4
 Alistair's Intoxication  Alch           0%         N/A       100%        5
 Arcjolt                  Conj/Air       0%         1d10      100%        5
 Freezing Cloud           Conj/Ice/Air   0%         6-21      100%        5
 Metabolic Englaciation   Hex/Ice        0%         N/A       100%        5
 Summon Forest            Summ/Tloc      0%         N/A       100%        5
 Summon Mana Viper        Hex/Summ       0%         N/A       100%        5
 Conjure Ball Lightning   Conj/Air       0%         3x3d6     100%        6
 Eringya's Noxious Bog    Alch           0%         4d6       100%        6
 Plasma Beam              Fire/Air       0%         2x1d10    100%        6
 Sculpt Simulacrum        Ice/Alch       0%         N/A       100%        6
 Starburst                Conj/Fire      0%         6d3       100%        6
 Summon Cactus Giant      Summ           0%         N/A       100%        6
 Enfeeble                 Hex            0%         N/A       100%        7
 Orb of Destruction       Conj           0%         9d5       100%        7
 Spellforged Servitor     Conj/Summ      0%         N/A       100%        7
 Summon Hydra             Summ           0%         N/A       100%        7
 Discord                  Hex            0%         N/A       100%        8
 Disjunction              Tloc           0%         N/A       100%        8
 Maxwell's Capacitive Co  Air            0%         ∞         100%        8


Dungeon Overview and Level Annotations

Branches:
Dungeon (14/15) Zot: 26694  Temple (1/1) D:7 Zot: 5981    Lair (5/5) D:11 Zot: 22570
 Shoals (0/4) Lair:3        Snake (0/4) Lair:3        Slime (0/5) Lair:5
    Orc (2/2) D:9 Zot: 9973     Elf (0/3) Orc:2        Vaults (0/5) D:13
 Bailey (visited)           IceCv (1/1) Zot: 5824

Altars:
Ashenzari
Cheibriados
Dithmenos
Elyvilon
Fedhas
Gozag
Hepliaklqana
Kikubaaqudgha
Makhleb
Nemelex Xobeh
Okawaru
Qazlal
Ru
Sif Muna
Trog
Uskayaw
Vehumet
Wu Jian
Xom
Yredelemnul
Zin
The Shining One

Shops:
D:3 *   D:6 *   Orc:1 *   Orc:2 [[[?*

Annotations:
D:6 8 runed translucent doors
D:14 4 exclusions
Lair:2 Maggie


Innate Abilities, Weirdness & Mutations

You are too large for most types of armour.
You have a pair of small horns on your head.
You have tough skin. (AC +1)
You gain doubled healing and magic from potions.
Whenever you drink a healing potion, you attack all around you.


Message History

The anaconda simulacrum constricts you.
The lindwurm simulacrum closely misses you.
The lindwurm simulacrum claws you. The lindwurm simulacrum freezes you!
You resist.
The lindwurm simulacrum claws you but does no damage.
The anaconda simulacrum bites you but does no damage.
The anaconda simulacrum constricts you. The lindwurm simulacrum bites you.
The lindwurm simulacrum freezes you! You resist.
The lindwurm simulacrum closely misses you.
The lindwurm simulacrum barely misses you.
The anaconda simulacrum bites you. The anaconda simulacrum freezes you!
You resist. The anaconda simulacrum constricts you.
Uskayaw will force your foes to helplessly watch your dance.
Uskayaw prepares the audience for your solo!
The anaconda simulacrum loses its grip on you.
The helpless anaconda simulacrum fails to defend itself.
You stick the anaconda simulacrum like a pincushion!!!
The anaconda simulacrum vaporises!
The caustic shrike simulacrum is no longer paralysed.
The caustic shrike simulacrum closely misses you.
The caustic shrike simulacrum claws you.
The caustic shrike simulacrum freezes you!
You resist.
The caustic shrike simulacrum claws you.
The caustic shrike simulacrum freezes you!!
You resist.
The helpless lindwurm simulacrum fails to defend itself.
You crush the lindwurm simulacrum like a grape!!!!
The lindwurm simulacrum vaporises!
The caustic shrike simulacrum claws you.
The caustic shrike simulacrum freezes you!!
You resist.
* * * LOW HITPOINT WARNING * * *
The caustic shrike simulacrum claws you!!
* * * LOW HITPOINT WARNING * * *
The caustic shrike simulacrum freezes you!!
You resist.
* * * LOW HITPOINT WARNING * * *
The caustic shrike simulacrum claws you!!
You die...

#.. #...
..#
#.......#
.......
.....
####.####
#$)..☼$[#
#(...Z@)#
#(.....=#
#.......#
#.......#
##.....##
##...##
##.##
##...##
##.....##


You could see a caustic shrike simulacrum.

Vanquished Creatures
  Rupert (Lair:4)
  Gastronok (Lair:1)
  Donald (Orc:2)
  An orc warlord (Bailey)
  A dire elephant (Lair:5)
  Josephine (Orc:1)
  Fannar (D:12)
  Harold (D:10)
  8 vault guards (D:13)
  8 hydras
  Erica (Lair:2)
  An ogre mage (D:12)
  2 boulder beetles
  4 catoblepae
  3 centaur warriors
  6 two-headed ogres
  A tengu warrior (D:14)
  A hell hog (Lair:5)
  4 orc high priests (Orc:2)
  Urug (D:13)
  Sonja (Lair:2)
  Nergalle (D:10)
  A skyshark (Lair:4)
  An arcanist (D:13)
  3 lindwurms
  2 orc knights
  2 deep elf pyromancers (D:12)
  8 orc sorcerers
  7 ugly things
  2 cyclopes
  4 manticores
  3 meliai (D:13)
  A kobold blastminer (Orc:2)
  6 black mambas
  17 elephants
  A torpor snail (Lair:2)
  12 cane toads
  A gargoyle (D:13)
  4 rime drakes
  2 unseen horrors
  A freezing wraith (IceCv)
  An anaconda simulacrum (IceCv)
  8 komodo dragons
  Psyche (D:12)
  2 tengu conjurers (D:14)
  13 polar bears
  5 trolls
  A wind drake (Lair:3)
  A polar bear (shapeshifter) (D:14)
  A raiju (Lair:5)
  12 blink frogs
  9 slime creatures
  15 dream sheep
  3 vampires
  5 wraiths
  2 dire elephant simulacra (IceCv)
  3 basilisks
  11 wyverns
  48 yaks
  7 wargs
  Eustachio (D:4)
  A steam dragon (Lair:1)
  8 vampire mosquitoes
  Menkaure (D:4)
  A naga (Lair:3)
  Edmund (D:5)
  A harpy simulacrum (IceCv)
  3 hydra simulacra (IceCv)
  12 water moccasins
  16 hell hounds (Lair:5)
  An ice beast (D:8)
  15 black bears
  2 sky beasts (D:7)
  An ettin simulacrum (IceCv)
  35 orc warriors
  An ogre (shapeshifter) (D:13)
  15 ogres
  5 boggarts (D:14)
  22 centaurs
  25 wolves
  3 kobold brigands
  7 bullfrogs
  3 scorpions
  2 gnoll sergeants
  5 wights (D:8)
  5 killer bees (D:9)
  5 lindwurm simulacra (IceCv)
  5 howler monkeys
  3 electric eels
  4 hounds
  2 bombardier beetles
  A gnoll bouda (D:5)
  3 jellies
  23 orc priests
  4 sleepcaps
  3 iguanas
  45 orc wizards
  20 gnolls
  2 adders (D:4)
  2 white imps
  2 ufetubi (D:5)
  4 dart slugs
  93 orcs
  7 ball pythons
  6 bats
  10 endoplasms
  6 giant cockroaches
  21 goblins
  18 hobgoblins
  4 jackals (D:3)
  3 quokkas
  6 frilled lizards
  25 kobolds
  4 rats
799 creatures vanquished.

Vanquished Creatures (others)
  An orc wizard (Orc:2)
1 creature vanquished.

Grand Total: 800 creatures vanquished

Notes
Turn   | Place    | Note
-------+----------+-------------------------------------------
     0 | D:1      | Twinkles the Oni Gladiator began the quest for the Orb.
     0 | D:1      | Reached XP level 1. HP: 22/22 MP: 1/1
   153 | D:1      | Reached skill level 3 in Fighting
   153 | D:1      | Reached XP level 2. HP: 31/31 MP: 2/2
   737 | D:2      | Reached XP level 3. HP: 27/37 MP: 3/3
   906 | D:2      | Found an ornate altar of the Wu Jian Council.
  1568 | D:3      | Identified the +0 dagger of Cetzure {flame, rPois Will+}
  1592 | D:3      | Found Cashyxt's Assorted Antiques.
  1627 | D:3      | Noticed a black bear
  1652 | D:3      | Killed a black bear
  1653 | D:3      | Reached skill level 4 in Fighting
  1653 | D:3      | Reached XP level 4. HP: 39/49 MP: 4/4
  1653 | D:3      | Reached XP level 5. HP: 44/55 MP: 5/5
  2531 | D:3      | Bought 2 bubbling puce potions for 28 gold pieces
  2531 | D:3      | Bought a scroll labelled MYRA MODYERONO for 16 gold pieces
  2531 | D:3      | Bought a scroll labelled ONUTZE JECE for 16 gold pieces
  2545 | D:4      | Noticed a black bear
  2571 | D:3      | Reached skill level 5 in Fighting
  2571 | D:3      | Reached XP level 6. HP: 27/66 MP: 6/6
  2575 | D:3      | HP: 18/66 [poisoned by a scorpion]
  3217 | D:4      | Noticed Menkaure
  3225 | D:4      | Killed Menkaure
  3226 | D:4      | Reached XP level 7. HP: 27/74 MP: 7/7
  3235 | D:4      | HP: 15/74 [sleepcap (9)]
  3613 | D:5      | Entered Level 5 of the Dungeon
  3613 | D:5      | Noticed Eustachio
  3632 | D:4      | Killed Eustachio
  3633 | D:4      | Reached skill level 6 in Fighting
  3633 | D:4      | Reached skill level 5 in Maces & Flails
  3798 | D:5      | Noticed Edmund
  3818 | D:5      | HP: 19/76 [Edmund/+6 dire flail of holy wrath (16)]
  3819 | D:5      | HP: 1/76 [Edmund/+6 dire flail of holy wrath (18)]
  3821 | D:5      | Killed Edmund
  3822 | D:5      | Reached skill level 5 in Dodging
  4109 | D:5      | Reached XP level 8. HP: 54/84 MP: 8/8
  4379 | D:5      | Reached skill level 7 in Fighting
  4481 | D:5      | Found a sacrificial altar of Ru.
  4608 | D:6      | Found a runed translucent door.
  4639 | D:6      | Reached skill level 10 in Fighting
  4639 | D:6      | Reached XP level 9. HP: 101/101 MP: 9/9
  5062 | D:5      | Reached skill level 10 in Maces & Flails
  5705 | D:6      | Found Irarir's General Store.
  5715 | D:6      | Bought a scroll of teleportation for 39 gold pieces
  5731 | D:6      | Found a snail-covered altar of Cheibriados.
  5733 | D:6      | Found an ornate altar of the Wu Jian Council.
  6203 | D:6      | Found a runed translucent door.
  6203 | D:6      | Found a runed translucent door.
  6204 | D:6      | Found a runed translucent door.
  6205 | D:6      | Found a huge runed translucent gate.
  6205 | D:6      | Found a huge runed translucent gate.
  6205 | D:6      | Found a huge runed translucent gate.
  6205 | D:6      | Found a huge runed translucent gate.
  6205 | D:6      | Found a huge runed translucent gate.
  6388 | D:7      | Reached XP level 10. HP: 83/111 MP: 10/10
  6407 | D:7      | Found a staircase to the Ecumenical Temple.
  6414 | Temple   | Entered the Ecumenical Temple
  6423 | Temple   | Became a worshipper of Uskayaw the Reveller
  6467 | D:7      | Reached * piety under Uskayaw
  6471 | D:7      | Reached ** piety under Uskayaw
  6640 | D:7      | Reached *** piety under Uskayaw
  6643 | D:7      | Reached **** piety under Uskayaw
  6648 | D:7      | Reached skill level 1 in Invocations
  6649 | D:7      | Found a flagged portal.
  6748 | Bailey   | Entered a bailey
  7153 | Bailey   | Noticed an orc knight
  7171 | Bailey   | Reached ***** piety under Uskayaw
  7184 | Bailey   | Killed an orc knight
  7184 | Bailey   | Reached ****** piety under Uskayaw
  7453 | Bailey   | Reached skill level 11 in Fighting
  7747 | Bailey   | Noticed an orc warlord
  7760 | Bailey   | HP: 12/113 [orc warlord/+6 battleaxe (24)]
  7761 | Bailey   | Killed an orc warlord
  8017 | Bailey   | Reached skill level 12 in Fighting
  8017 | Bailey   | Reached XP level 11. HP: 124/124 MP: 12/15
  8374 | D:7      | Found a shimmering blue altar of Sif Muna.
  8374 | D:7      | Found a sparkling altar of Nemelex Xobeh.
  8375 | D:7      | Found a glowing silver altar of Zin.
  8537 | D:8      | Reached XP level 12. HP: 103/133 MP: 16/16
  9043 | D:8      | Found an opulent altar of Gozag.
  9367 | D:9      | Found a basalt altar of Yredelemnul.
  9956 | D:9      | Upgraded the game from 0.31-a0-1469-gd420192249 to
                  | 0.31-a0-1499-ge0622b2318
 10396 | D:9      | Found a staircase to the Orcish Mines.
 10525 | D:10     | Entered Level 10 of the Dungeon
 10714 | D:10     | Reached skill level 13 in Fighting
 10879 | D:10     | Found a white marble altar of Elyvilon.
 10908 | D:10     | Noticed Nergalle
 10932 | D:10     | Killed Nergalle
 10958 | D:10     | Found a stormy altar of Qazlal.
 11012 | D:10     | Found an iron altar of Okawaru.
 11022 | D:10     | Found a hazy altar of Hepliaklqana.
 11039 | D:10     | Reached skill level 1 in Armour
 11153 | D:10     | Noticed a two-headed ogre
 11361 | D:10     | Noticed Harold
 11380 | D:10     | Killed Harold
 11702 | D:10     | Killed a two-headed ogre
 11894 | D:11     | Found a staircase to the Lair.
 12079 | D:11     | Found a blossoming altar of Fedhas.
 12632 | Lair:1   | Entered Level 1 of the Lair of Beasts
 12632 | Lair:1   | Noticed Gastronok
 12661 | Lair:1   | HP: 25/137 [Gastronok (18)]
 12665 | Lair:1   | Killed Gastronok
 12666 | Lair:1   | Reached skill level 14 in Fighting
 12671 | Lair:1   | Reached XP level 13. HP: 57/146 MP: 4/19
 14191 | Lair:2   | Noticed Maggie
 14201 | Lair:2   | You fall into a shaft and drop 1 floor!
 14342 | Lair:3   | Reached skill level 10 in Invocations
 14618 | Lair:2   | Reached skill level 15 in Fighting
 14618 | Lair:2   | Reached skill level 10 in Throwing
 14682 | Lair:2   | Noticed Sonja
 14688 | Lair:2   | Killed Sonja
 14995 | Lair:2   | Noticed Erica
 15001 | Lair:2   | Killed Erica
 15935 | Lair:3   | Found a staircase to the Shoals.
 16084 | Lair:3   | Reached XP level 14. HP: 161/161 MP: 22/22
 16094 | Lair:3   | Found a staircase to the Snake Pit.
 16206 | Lair:3   | Found an opulent altar of Gozag.
 16833 | Lair:4   | Reached skill level 16 in Fighting
 16991 | Lair:4   | Noticed Rupert
 17393 | Lair:4   | Paralysed by Rupert for 3 turns
 17405 | Lair:4   | Killed Rupert
 18231 | Lair:5   | Entered Level 5 of the Lair of Beasts
 18269 | Lair:5   | Reached skill level 17 in Fighting
 18897 | Lair:5   | HP: 49/167 [lindwurm/blast of flame (20)]
 19024 | Lair:5   | Noticed a dire elephant
 19038 | Lair:5   | Killed a dire elephant
 19039 | Lair:5   | Reached skill level 18 in Fighting
 19101 | Lair:5   | Identified the staff of Loddaujei {rF- rC+ Dex+4 Hexes Ice}
 19229 | Lair:5   | Reached XP level 15. HP: 158/176 MP: 16/25
 19939 | Lair:5   | Reached skill level 19 in Fighting
 19939 | Lair:5   | Reached skill level 15 in Invocations
 20004 | Lair:5   | Found a staircase to the Slime Pits.
 20760 | D:12     | Noticed Psyche
 20830 | Orc:1    | Entered Level 1 of the Orcish Mines
 20854 | Orc:1    | Found Ayroenn's Alliterative Accessories.
 21091 | Orc:1    | Noticed Josephine
 21096 | Orc:1    | Killed Josephine
 21339 | Orc:2    | Entered Level 2 of the Orcish Mines
 21339 | Orc:2    | Noticed Donald
 21345 | Orc:2    | Killed Donald
 21684 | Orc:2    | Found Uzae's Antique Armour Emporium.
 21684 | Orc:2    | Found Kuytz's Armour Shoppe.
 21685 | Orc:2    | Found Xesyt's Armour Shoppe.
 21689 | Orc:2    | Found Gihu's Magic Scroll Emporium.
 21700 | Orc:2    | Bought a scroll of enchant armour for 105 gold pieces
 21700 | Orc:2    | Bought a scroll of revelation for 105 gold pieces
 21740 | Orc:2    | Paralysed by an orc sorcerer for 2 turns
 21747 | Orc:2    | HP: 37/170 [sun demon[an orc sorcerer] (18)]
 21747 | Orc:2    | HP: 16/170 [sun demon[an orc sorcerer] (15)]
 21747 | Orc:2    | HP: 3/170 [sun demon[an orc sorcerer] (13)]
 22052 | Orc:2    | Found Qicw's CLEARANCE SALE!.
 22090 | Orc:2    | Found a staircase to the Elven Halls.
 22093 | Orc:2    | Bought a scroll of identify for 6 gold pieces
 22311 | Orc:2    | Bought a scroll of identify for 28 gold pieces
 22698 | Orc:2    | Bought a scroll of fear for 56 gold pieces
 22698 | Orc:2    | Bought a scroll of blinking for 105 gold pieces
 23023 | D:12     | Noticed Fannar
 23029 | D:12     | Killed Fannar
 23143 | D:12     | Killed Psyche
 23375 | D:12     | Reached XP level 16. HP: 109/192 MP: 27/27
 23451 | D:12     | Found an ancient bone altar of Kikubaaqudgha.
 23695 | D:13     | Found a gate to the Vaults.
 24184 | D:13     | Reached skill level 15 in Maces & Flails
 24391 | D:13     | Noticed Urug
 24399 | D:13     | Killed Urug
 24400 | D:13     | Reached skill level 20 in Fighting
 25046 | D:14     | Found a frozen archway.
 25133 | IceCv    | Entered an ice cave
 25302 | IceCv    | HP: 53/192 [caustic shrike simulacrum (23)]
 25302 | IceCv    | HP: 9/192 [caustic shrike simulacrum (26)]
 25302 | IceCv    | Mangled by a caustic shrike simulacrum

Illustrated notes

Levels and vault maps discovered:
D:1:      ncdulo_smallfort, layout_loops_ring
D:2:      layout_loops_ring, basic_altar
D:3:      layout_loops_cross, serial_rivers, chequers_serial_rivers_small_3,
          chequers_serial_rivers_small_3, chequers_serial_rivers_large_b,
          chequers_serial_rivers_small_3, chequers_serial_rivers_micro_b,
          serial_shops, nicolae_shop_rolling_square
D:4:      layout_rooms, uniq_menkaure
D:5:      layout_rooms, nicolae_ru_awakened_eye, sigmund_army, uniq_edmund,
          uniq_eustachio
D:6:      layout_cave_pools, mainiacjoe_overflow_big_doors, serial_shops,
          nicolae_lakefront_shop, serial_glass, glass_columns_a,
          glass_columns_a, lightli_church_of_beogh
D:7:      layout_basic, gammafunk_temple_overflow_forgotten,
          minmay_temple_entry_junction, enter_bailey_3
D:8:      layout_cave_pools, grunt_gozag_statues
D:9:      layout_irregular_city, lemuel_round_altar,
          minmay_orc_entry_guard_dogs, serial_column_ruins, column_ruins_hut,
          column_ruins_open_tiny, column_ruins_columns_dead_end,
          column_ruins_columns_corner, minivault_14
D:10:     layout_cave_pods, nicolae_overflow_quartered_altars, minivault_21,
          minmay_variable_closet, uniq_nergalle, uniq_harold
D:11:     layout_roguey, lair_entry_dummy, fedhas_bush_and_centaur_altar
D:12:     layout_loops_ring, chequers_serial_rivers_small_b,
          nicolae_kikubaaqudgha_miasma_corner, uniq_fannar, uniq_psyche
D:13:     layout_loops_corners, erik_vaults_2, serial_glass, glass_columns_a,
          glass_columns_a, special_room [special_room_orc], st_stairs_8,
          uniq_urug
D:14:     layout_loops_cross, portal_ice_cave_entry_pillars_three, uniq_nessos
Temple:   nicolae_temple_two_arcs
Lair:1:   layout_cave_pods, uniq_gastronok
Lair:2:   layout_layer_cave, uniq_erica, uniq_maggie, uniq_sonja
Lair:3:   layout_cave_pods, minmay_shoals_entry_beasts,
          guppyfry_snake_entry_garden, basic_altar, wad_woods_river_01
Lair:4:   layout_cave_pods, grunt_forest_stairs_basic, uniq_rupert
Lair:5:   hangedman_lair_caniforms_friends, layout_regular_city,
          hangedman_lair_in_review, minmay_slime_entry_pillars,
          infiniplex_staircase_pool
Orc:1:    layout_caves, basic_altar, nicolae_alphabet_shops, mines1_david,
          uniq_josephine
Orc:2:    st_orc_mages, layout_caves, nicolae_shop_clearance, uniq_donald
IceCv:    ice_cave_statue_garden_chambered

Skill      XL: |  1  2  3  4  5  6  7  8  9 10 11 12 13 14 15 16 |
---------------+-------------------------------------------------+-----
Fighting       | 3 4 5 6 10 12 14 15 18 19 20 | 20.1
Dodging        | 3 4 5 7 8 9 |  9.0
Maces & Flails | 4 5 9 10 11 12 13 14 15 | 15.3
Throwing       | 3 4 7 9 10 11 | 11.2
Invocations    | 6 8 11 14 15 16 | 16.2
Armour         | 3 4 |  4.0

Action                     |  1- 3 |  4- 6 |  7- 9 | 10-12 | 13-15 | 16-18 || total
---------------------------+-------+-------+-------+-------+-------+-------++-------
  Melee: Flail             |   133 |    92 |    54 |       |       |       ||   279
         Headbutt          |    11 |    18 |    25 |    83 |   240 |    25 ||   402
         Dire flail        |       |       |   130 |   424 |   815 |       ||  1369
         Dagger            |       |       |       |     1 |     1 |       ||     2
         Giant spiked club |       |       |       |       |   204 |   161 ||   365
  Throw: Boomerang         |       |       |     2 |     2 |    46 |     6 ||    56
         Large rock        |       |       |     1 |     4 |    54 |    18 ||    77
         Javelin           |       |       |     3 |     6 |     6 |     9 ||    24
         Dart              |       |       |       |     1 |     5 |       ||     6
         Throwing net      |       |       |       |     1 |       |       ||     1
 Invoke: Line Pass         |       |       |       |     5 |     1 |       ||     6
         Grand Finale      |       |       |       |       |     1 |       ||     1
  Evoke: Wand              |       |       |       |     6 |    10 |       ||    16
    Use: Scroll            |     1 |     2 |     6 |     6 |    21 |     1 ||    37
         Potion            |     1 |       |     2 |     4 |     3 |       ||    10
   Stab: Sleeping          |     1 |     2 |       |       |       |       ||     3
         Paralysed         |       |       |       |    45 |   107 |    11 ||   163
 Armour: Robe              |    95 |    50 |   127 |   115 |       |       ||   387
         Skin              |    55 |     1 |       |       |       |       ||    56
         Troll leather arm |       |       |       |   112 |   680 |   199 ||   991
  Dodge: Dodged            |    63 |    48 |   211 |   255 |   712 |   212 ||  1501
  Block: Kite shield       |       |     2 |    33 |       |       |       ||    35

Table legend: (Time is in decaauts)
 A = Elapsed time spent in this place.
 B = Non-inter-level travel time spent in this place.
 C = Inter-level travel time spent in this place.
 D = Time resting spent in this place.
 E = Time spent auto-exploring this place.
 F = Levels seen in this place.
 G = Mean time per level.
                   A        B        C        D        E       F      G
               +--------+--------+--------+--------+--------+-----+--------+
         Total |  25221 |  23765 |   1456 |   3538 |  14808 |  24 | 1050.9 |
       Dungeon |  14290 |  13347 |    943 |   1612 |   8669 |  14 | 1020.7 |
        Temple |     18 |      2 |     16 |      0 |      0 |   1 |   18.0 |
          Lair |   7429 |   7128 |    301 |    900 |   4739 |   5 | 1485.8 |
  Orcish Mines |   2026 |   1831 |    195 |    248 |   1046 |   2 | 1013.0 |
        Bailey |   1283 |   1283 |      0 |    677 |    346 |   1 | 1283.0 |
      Ice Cave |    172 |    172 |      0 |    100 |      8 |   1 |  172.0 |
               +--------+--------+--------+--------+--------+-----+--------+

Top non-repeatable levels by time:
  Lair:5: 1927 daAuts
     D:5: 1615 daAuts
     D:3: 1454 daAuts
  Lair:4: 1429 daAuts
  Lair:1: 1405 daAuts
     D:9: 1400 daAuts
  Lair:2: 1334 daAuts
  Lair:3: 1333 daAuts
  Bailey: 1283 daAuts
    D:13: 1263 daAuts
   Orc:2: 1185 daAuts
    D:10: 1178 daAuts
    D:12: 1081 daAuts
    D:11: 1032 daAuts
     D:4: 934 daAuts
